 Dungeon Crawl Stone Soup version 0.27-a0-679-g77a6b55cf3 (webtiles) character file.

Game seed: 18167532907642778265

319 Allula97 the Sneak (level 6, -8/46 HPs)
             Began as a Demonspawn Brigand on Mar 19, 2021.
             Killed by nerve-wracking pain
             ... invoked by Grinder
              (10 damage)
             ... on level 4 of the Dungeon.
             The game lasted 00:08:27 (2743 turns).

Allula97 the Sneak (Demonspawn Brigand)             Turns: 2743, Time: 00:08:27

Health: -8/46      AC:  4    Str: 12    XL:     6   Next: 21%
Magic:  8/8        EV: 11    Int: 12    God:
Gold:   157        SH:  4    Dex: 16    Spells: 8/8 levels left

rFire    . . .     SeeInvis .   a - +2 dagger
rCold    . . .     Faith    .   u - +0 buckler
rNeg     . . .     Spirit   .   b - +0 robe
rPois    .         Reflect  .   k - +0 helmet
rElec    +         Harm     .   c - +0 cloak
rCorr    .         Rampage  .   (no gloves)
Will     .....                  (no boots)
Stlth    +++.......             (no amulet)
HPRegen  0.00/turn              (no ring)
MPRegen  0.11/turn              (no ring)

@: no status effects
A: powered by pain 1, spiny 2, electricity resistance, inhibited regeneration
a: no special abilities


You were on level 4 of the Dungeon.
You visited 1 branch of the dungeon, and saw 4 of its levels.

You collected 157 gold pieces.

Inventory:

Hand Weapons
 a - a +2 dagger (weapon)
Missiles
 d - 31 poisoned darts (quivered)
 e - 3 curare-tipped darts
Armour
 b - a +0 robe (worn)
 c - a +0 cloak (worn)
 k - a +0 helmet (worn)
 u - a +0 buckler (worn)
Scrolls
 h - 5 scrolls of identify {unknown}
 j - a scroll of enchant weapon {unknown}
 n - a scroll of blinking {unknown}
 o - 2 scrolls of vulnerability {unknown}
 r - a scroll of teleportation {unknown}
 t - a scroll of amnesia {unknown}
Potions
 f - a potion of degeneration {unknown}
 g - a potion of berserk rage {unknown}
 l - a potion of haste {unknown}
 m - a potion of ambrosia {unknown}
 p - a potion of brilliance {unknown}
 q - a potion of heal wounds {unknown}
 s - a potion of resistance {unknown}


   Skills:
 * Level 2.6 Fighting
 * Level 3.0 Short Blades
 - Level 1.7 Throwing
 * Level 1.4 Armour
 * Level 1.8 Dodging
 * Level 5.4 Stealth
 * Level 0.1 Shields
 * Level 1.6 Spellcasting


You had 8 spell levels left.
You didn't know any spells.
Your spell library was empty.

Dungeon Overview and Level Annotations

Branches:
Dungeon (4/15)
 Temple: D:4-7

Altars:
Fedhas

Shops:
D:4 =

Annotations:
D:4 Grinder


Innate Abilities, Weirdness & Mutations

You sometimes gain a little power by taking damage.
You are mostly covered in sharp spines.
You are resistant to electric shocks. (rElec)
You do not regenerate when monsters are visible.


Message History

You throw a poisoned dart.
The poisoned dart closely misses Grinder.
Grinder is struck by your spines. Grinder hits you but does no damage.
You hit Grinder.
Grinder is lightly wounded.
Grinder blinks!
You throw a poisoned dart.
The poisoned dart closely misses Grinder.
You throw a poisoned dart.
The poisoned dart closely misses Grinder.
You closely miss Grinder.
Grinder is lightly wounded.
Grinder gestures at you.
You suddenly lose the ability to move!
Grinder hits you!
You writhe in agony.
You can move again.
You hit Grinder but do no damage.
Grinder is lightly wounded.
Grinder hits you!
You hit Grinder.
Grinder is moderately wounded.
Grinder gestures at you.
You shrug off the repeated paralysis!
You closely miss Grinder.
Grinder is moderately wounded.
Grinder hits you!
* * * LOW HITPOINT WARNING * * *
You writhe in agony.
* * * LOW HITPOINT WARNING * * *
You hit Grinder.
Grinder is moderately wounded.
Grinder hits you.
* * * LOW HITPOINT WARNING * * *
You writhe in agony.
* * * LOW HITPOINT WARNING * * *
It was a potion of mutation.
You feel extremely strange.
Your regeneration stops near monsters.
You feel insulated. Grinder gestures at you. Pain shoots through your body!
You die...

#. #. #. ##### ##
#(##<.(?
.##.##.((..#
..#.....#.#
.#.........##
#.(.....5@...####
#...............#
#........∩###.###
#.(.......# #..
#.........###....
#.#................
#.#.........##.⌠.w.
#..#.........# ....
#....#......## ...


You could see Grinder.

Vanquished Creatures
  A scorpion (D:4)
  2 orc priests (D:3)
  4 gnolls (D:3)
  7 adders
  An ooze (D:2)
  2 worms (D:3)
  2 dart slugs
  2 leopard geckos
  5 orcs (D:3)
  13 bats
  7 giant cockroaches
  4 hobgoblins
  7 jackals
  9 kobolds
  A quokka (D:2)
  A ball python (D:2)
  10 frilled lizards
  8 goblins
  9 rats
95 creatures vanquished.

Vanquished Creatures (others)
  6 plants (D:3)
6 creatures vanquished.

Grand Total: 101 creatures vanquished

Notes
Turn   | Place    | Note
-------+----------+-------------------------------------------
     0 | D:1      | Allula97 the Demonspawn Brigand began the quest for the
                  | Orb.
     0 | D:1      | Reached XP level 1. HP: 16/16 MP: 1/1
   150 | D:1      | Reached skill level 1 in Dodging
   188 | D:1      | Gained mutation: You are partially covered in sharp spines.
                  | [demonic ancestry]
   188 | D:1      | Reached XP level 2. HP: 18/22 MP: 2/2
   306 | D:1      | Reached skill level 4 in Stealth
   833 | D:2      | Gained mutation: You are mostly covered in sharp spines.
                  | [demonic ancestry]
   833 | D:2      | Reached XP level 3. HP: 24/27 MP: 3/3
   918 | D:2      | Reached XP level 4. HP: 25/33 MP: 5/5
   929 | D:2      | Reached skill level 1 in Spellcasting
  1397 | D:2      | Found a faded altar of an unknown god.
  1413 | D:2      | Reached skill level 1 in Armour
  1413 | D:2      | Reached skill level 5 in Stealth
  1913 | D:3      | Reached XP level 5. HP: 38/38 MP: 6/6
  2291 | D:3      | Gained mutation: You sometimes gain a little power by
                  | taking damage. [demonic ancestry]
  2291 | D:3      | Reached XP level 6. HP: 46/46 MP: 8/8
  2312 | D:3      | Found a blossoming altar of Fedhas.
  2715 | D:4      | Found Feoxexza's Jewellery Emporium.
  2719 | D:4      | Noticed Grinder
  2737 | D:4      | Paralysed by Grinder for 2 turns
  2742 | D:4      | HP: 2/46 [Grinder (2)]
  2743 | D:4      | Gained mutation: You do not regenerate when monsters are
                  | visible. [potion of mutation]
  2743 | D:4      | Gained mutation: You are resistant to electric shocks.
                  | (rElec) [potion of mutation]
  2743 | D:4      | Killed from afar by Grinder

Illustrated notes

Levels and vault maps discovered:
D:1:      nagdon_arrival_double_spiral, layout_loops_ring, serial_glass,
          glass_columns_a, glass_columns_c, glass_columns_a, glass_columns_a
D:2:      layout_basic, chequers_ecumenical_altar_simple, minmay_heptomino_o4
D:3:      layout_rooms, overflow_temple_1_default, serial_forest,
          infiniplex_forest_join, infiniplex_forest_zigzag_2,
          infiniplex_forest_end_2, infiniplex_forest_clump_cross,
          infiniplex_forest_end_3
D:4:      minmay_skewed_foursquare, layout_rooms, marbit_many_paths,
          temple_statues, serial_shops, shop, uniq_grinder, uniq_eustachio,
          uniq_menkaure

Skill      XL: |  1  2  3  4  5  6 |
---------------+-------------------+-----
Dodging        | 1 |  1.8
Stealth        | 4 5 |  5.4
Short Blades   | 2 3 |  3.0
Spellcasting   | 1 |  1.6
Armour         | 1 |  1.4
Fighting       | |  2.6
Throwing       | |  1.7
Shields        | |  0.1

Action                   |  1- 3 |  4- 6 || total
-------------------------+-------+-------++-------
Melee: Dagger            |    78 |    93 ||   171
Throw: Dart              |     6 |    34 ||    40
  Use: Potion            |       |     1 ||     1
 Stab: Sleeping          |     5 |    10 ||    15
Armor: Robe              |    20 |    14 ||    34
Dodge: Dodged            |    39 |    34 ||    73

Table legend: (Time is in decaauts)
 A = Elapsed time spent in this place.
 B = Non-inter-level travel time spent in this place.
 C = Inter-level travel time spent in this place.
 D = Time resting spent in this place.
 E = Time spent auto-exploring this place.
 F = Levels seen in this place.
 G = Mean time per level.
                   A        B        C        D        E       F      G
               +--------+--------+--------+--------+--------+-----+--------+
         Total |   2724 |   2608 |    116 |      0 |   1864 |   4 |  681.0 |
       Dungeon |   2724 |   2608 |    116 |      0 |   1864 |   4 |  681.0 |
               +--------+--------+--------+--------+--------+-----+--------+

Top non-repeatable levels by time:
     D:3: 929 daAuts
     D:1: 823 daAuts
     D:2: 811 daAuts
     D:4: 159 daAuts
